Map: Ulrena

Players

Monster

  • Race: Zerg Zerg
  • League: Master

KingKong - Winner!

  • Race: Protoss Protoss
  • League: Master

VOD

Have the link to the VOD?

Description

Time

  • Played on: Jan. 31, 2016, 5 p.m.
  • Length: 8:40
Show
View Real Time Build Order
Export as new Build Order

Monster Zerg 

Build Orders: Hatch First 

Get SALT Encoding   

  12  0:01  Drone  
  13  0:14  Overlord  
  13  0:21  Drone  
  14  0:33  Drone x2  
  16  0:37  Drone  
  17  0:55  Hatchery  
  16  0:57  Drone  
  16  1:00  Drone  
  18  1:06  Extractor  
  18  1:09  Drone  
  18  1:23  Spawning Pool  
  18  1:24  Drone  
  18  1:39  Drone  
  19  1:43  Overlord  
  19  2:10  Metabolic Boost  
  19  2:11  Queen x2  
  19  2:12  Zergling x4  
  25  2:16  Drone  
  25  2:17  Drone  
  25  2:21  Drone  
  28  2:24  Drone  
  28  2:28  Drone  
  30  2:37  Drone  
  30  2:41  Drone  
  32  2:45  Drone  
  32  2:50  Pneumatized Carapace  
  33  2:54  Evolution Chamber  
  33  2:56  Drone  
  33  3:04  Overlord  
  33  3:13  Hatchery  
  32  3:20  Zergling x6  
  32  3:21  Zergling x2  
  36  3:38  Zergling x10  
  36  3:39  Zergling x2  
  43  3:41  Zergling x2  
  43  3:59  Zergling x2  
  44  4:09  Overlord  
  44  4:11  Spore Crawler  
  44  4:13  Spine Crawler  
  44  4:14  Spore Crawler  
  44  4:15  Spine Crawler  
  40  4:18  Spine Crawler  
  33  4:42  Lair  
  33  4:44  Queen  
  33  4:45  Queen  
  34  4:48  Drone x3  
  37  4:58  Overlord  
  37  5:03  Drone x2  
  37  5:06  Drone x2  
  41  5:08  Drone  
  36  5:36  Queen x2  
  39  5:51  Drone  
  39  5:52  Drone  
  39  5:53  Hydralisk Den  
  35  6:07  Drone x2  
  35  6:08  Drone x2  
  35  6:09  Drone  
  40  6:12  Queen  
  38  6:30  Hydralisk  
  38  6:31  Hydralisk x3  
  41  7:09  Hydralisk x2  
  41  7:11  Zergling x10  
  50  7:16  Extractor  
  46  7:29  Hydralisk  
  45  7:31  Zergling x4  
  45  7:32  Zergling x2  
  44  7:49  Hydralisk  
  44  7:51  Hydralisk  
  46  8:06  Hydralisk  
  48  8:18  Overlord  
  48  8:19  Overlord x2  
Show
View Real Time Build Order
Export as new Build Order

KingKong Protoss - Winner!

Build Orders:  

Get SALT Encoding   

  12  0:01  Probe (Chrono Boost)  
  13  0:12  Probe (Chrono Boost)  
  14  0:18  Pylon  
  14  0:22  Probe (Chrono Boost)  
  15  0:36  Probe (Chrono Boost)  
  15  0:39  Gateway  
  16  0:44  Assimilator  
  16  0:47  Probe (Chrono Boost)  
  17  0:54  Assimilator  
  17  0:58  Probe (Chrono Boost)  
  18  1:08  Probe (Chrono Boost)  
  19  1:19  Probe (Chrono Boost)  
  20  1:26  Cybernetics Core  
  20  1:29  Probe (Chrono Boost)  
  21  1:33  Pylon  
  21  1:40  Probe (Chrono Boost)  
  22  1:50  Probe (Chrono Boost)  
  22  1:53  Zealot (Chrono Boost)  
  25  2:03  Stargate  
  25  2:04  Warp Gate  
  25  2:11  Mothership Core  
  27  2:18  Zealot (Chrono Boost)  
  29  2:24  Pylon  
  28  2:47  Fleet Beacon  
  28  2:50  Zealot (Chrono Boost)  
  30  3:09  Gateway  
  30  3:10  Gateway  
  30  3:21  Pylon  
  30  3:35  Tempest (Chrono Boost)  
  34  4:09  Adept  
  36  4:10  Zealot  
  36  4:13  Tempest (Chrono Boost)  
  42  4:19  Pylon  
  42  4:50  Tempest (Chrono Boost)  
  46  4:56  Zealot  
  46  4:57  Zealot x2  
  52  5:04  Pylon  
  52  5:27  Tempest (Chrono Boost)  
  56  6:06  Zealot x3  
  56  6:10  Pylon  
  56  6:11  Pylon  
  62  6:28  Tempest (Chrono Boost)  
  66  6:43  Stalker x2  
  66  6:44  Stalker  
  72  6:58  Pylon  
  72  7:06  Adept x2  
  72  7:07  Adept  
  78  7:24  Tempest (Chrono Boost)  
  82  7:51  Zealot x2, Pylon  
  90  8:37  Zealot x3  
Tags
 
Add a new tag
Caveats
  • Supply blocks, unpowered buildings, or Contaminate may cause inaccurate times.
  • Supply counts are checked every 10 seconds.